 Dungeon Crawl Stone Soup version 0.24.0-13-gcf9b319 (webtiles) character file.

Game seed: 12021142593500212010, levelgen mode: deterministic

314 Bronimir the Gusty (level 6, 0/49 HPs)
             Began as a Tengu Air Elementalist on Mar 18, 2020.
             Succumbed to a worker ant's poison
             ... on level 4 of the Dungeon.
             The game lasted 00:11:31 (4207 turns).

Bronimir the Gusty (Tengu Air Elementalist)         Turns: 4207, Time: 00:11:31

Health: 0/49       AC:  6    Str: 15    XL:     6   Next: 43%
Magic:  10/10      EV: 12    Int: 16    God:
Gold:   156        SH:  0    Dex: 14    Spells: 2/10 levels left

rFire    . . .     SeeInvis .   a - +0 spear
rCold    . . .     Gourm    .   (no shield)
rNeg     . . .     Faith    .   n - +0 leather armour
rPois    .         Spirit   .   (helmet restricted)
rElec    .         Reflect  .   (no cloak)
rCorr    .         Harm     .   j - +2 pair of gloves
MR       .....                  (boots unavailable)
Stlth    ..........             (no amulet)
HPRegen  0.16/turn              (no ring)
MPRegen  0.12/turn              (no ring)

@: berserking, lethally poisoned (0 -> -18), very quick
A: beak, talons 3, able to fly
a: Fly


You were on level 4 of the Dungeon.
You were hungry.

You visited 1 branch of the dungeon, and saw 4 of its levels.

You collected 156 gold pieces.

Inventory:

Hand Weapons
 a - a +0 spear (weapon)
 b - a +0 hunting sling
 d - a +0 club
 k - a +0 mace
 s - a +0 falchion
 u - a +0 hand axe
Missiles
 f - 126 stones (quivered)
 l - 25 bolts
 m - 34 arrows
 A - 19 sling bullets
Armour
 j - a +2 pair of gloves (worn)
 n - a +0 leather armour (worn)
 t - a +0 ring mail
 x - a +0 robe
Scrolls
 c - 2 scrolls of remove curse {unknown}
 q - 2 scrolls of identify {unknown}
 r - a scroll of enchant armour {unknown}
 w - a scroll of magic mapping {unknown}
 y - a scroll of immolation {unknown}
Potions
 i - a potion of mutation {unknown}
 o - a potion of berserk rage
 p - a potion of resistance {unknown}
 z - 3 potions of flight {unknown}
Comestibles
 h - 2 chunks of flesh
 v - 2 rations


   Skills:
 + Level 0.6 Fighting
 + Level 1.1 Long Blades
 + Level 0.6(1.0) Axes
 + Level 0.9(1.0) Polearms
 + Level 0.5 Slings
 * Level 3.1 Armour
 + Level 2.6 Dodging
 - Level 2.0 Stealth
 + Level 2.6 Spellcasting
 * Level 3.6 Conjurations
 * Level 0.3 Summonings
 * Level 5.7 Air Magic


You had 2 spell levels left.
You knew the following spells:

 Your Spells              Type           Power        Failure   Level  Hunger
a - Shock                 Conj/Air       ###.         3%          1    #......
b - Swiftness             Chrm/Air       ##......     11%         2    ##.....
c - Static Discharge      Conj/Air       ###.....     11%         3    ###....
d - Call Imp              Summ           #.......     32%         2    ##.....

Your spell library contained the following spells:

 Spells                   Type           Power        Failure   Level  Hunger
 Magic Dart               Conj           ##..         5%          1    #......
 Blink                    Tloc           N/A          36%         2    ##.....
 Slow                     Hex            #.......     36%         2    ##.....
 Mephitic Cloud           Conj/Pois/Air  ##......     21%         3    ###....
 Airstrike                Air            ###.......   22%         4    #####..
 Conjure Flame            Conj/Fire      #.......     34%         3    ###....
 Lightning Bolt           Conj/Air       ###.......   67%         5    ######.


Dungeon Overview and Level Annotations

Branches:
Dungeon (4/15)
 Temple: D:4-7

Altars:


Innate Abilities, Weirdness & Mutations

You have a beak for a mouth.
You have claws for feet.
You can fly continuously.


Message History

You hit the worker ant.
You kill the worker ant!
* * * LOW HITPOINT WARNING * * *
You feel sick.
There is a lethal amount of poison in your body!
It was a potion of magic.
Magic courses through your body.
* * * LOW HITPOINT WARNING * * *
You feel sick.
It was a potion of cancellation.
You feel magically purged.
Your magical contamination has completely faded away.
* * * LOW HITPOINT WARNING * * *
You feel sick.
It was a potion of berserk rage.
A red film seems to cover your vision as you go berserk!
You feel yourself moving faster!
You feel mighty!
* * * LOW HITPOINT WARNING * * *
You feel sick.
You are too berserk!
You feel a strong urge to attack something.
You die...

####.....#
.....<....#
..........###
............###
.............!###
...............#
#.....5.......
#....## #.<@..#
#...........
#...........
#...###.....#
#(.## ###### #..
#.. #..


You could see a friendly crimson imp.

Vanquished Creatures
  A crimson imp (D:3)
  A worker ant (D:4)
  Natasha (thrice) (D:3)
  Robin (D:1)
  5 gnolls
  A howler monkey skeleton (D:2)
  3 adders (D:2)
  An ooze (D:2)
  A worm (D:2)
  2 dart slugs
  A leopard gecko (D:1)
  2 giant cockroaches (D:2)
  10 goblins
  19 hobgoblins
  2 jackals
  A quokka (D:2)
  11 bats
  5 frilled lizards
  3 kobolds
  7 rats
80 creatures vanquished.

Notes
Turn   | Place    | Note
-------+----------+-------------------------------------------
     0 | D:1      | Bronimir the Tengu Air Elementalist began the quest for the
                  | Orb.
     0 | D:1      | Reached XP level 1. HP: 10/10 MP: 4/4
   241 | D:1      | Reached XP level 2. HP: 9/15 MP: 0/6
   357 | D:1      | Learned a level 2 spell: Swiftness
   571 | D:1      | Reached XP level 3. HP: 19/19 MP: 3/7
   601 | D:1      | Reached skill level 5 in Air Magic
   732 | D:1      | Learned a level 3 spell: Static Discharge
  1277 | D:2      | Noticed Robin
  1279 | D:2      | Reached skill level 1 in Armour
  1423 | D:1      | Reached XP level 4. HP: 18/24 MP: 2/8
  1519 | D:1      | Killed Robin
  2113 | D:1      | Gained mutation: You can fly continuously. [Tengu growth]
  2113 | D:1      | Reached XP level 5. HP: 10/28 MP: 2/9
  2337 | D:2      | Reached skill level 1 in Long Blades
  3218 | D:3      | Noticed Natasha
  3225 | D:3      | Killed Natasha
  3322 | D:3      | Reached XP level 6. HP: 33/33 MP: 10/10
  3406 | D:3      | Learned a level 2 spell: Call Imp
  3525 | D:3      | Noticed Natasha
  3533 | D:3      | Killed Natasha
  3716 | D:3      | Noticed Natasha
  3735 | D:3      | Killed Natasha
  4206 | D:4      | HP: 1/49 [poisoned by a worker ant]
  4207 | D:4      | Succumbed to a worker ant's poison

Levels and vault maps discovered:
D:1:      dpeg_arrival_long_road, layout_basic
D:2:      layout_loops_ring, first_ration, minmay_misc_feat_columns, uniq_robin
D:3:      layout_basic, uniq_natasha
D:4:      layout_layer_cave, nicolae_qazlal_style_of_elements

Skill      XL: |  1  2  3  4  5  6 |
---------------+-------------------+-----
Conjurations   | 2 3 |  3.6
Air Magic      | 5 |  5.7
Armour         | 1 2 3 |  3.1
Long Blades    | 1 |  1.1
Fighting       | |  0.6
Axes           | |  0.6
Polearms       | |  0.9
Slings         | |  0.5
Dodging        | |  2.6
Stealth        | |  2.0
Spellcasting   | |  2.6
Summonings     | |  0.3

Action                   |  1- 3 |  4- 6 || total
-------------------------+-------+-------++-------
Melee: Club              |     3 |       ||     3
       Peck              |     2 |     6 ||     8
       Unarmed           |     1 |       ||     1
       Hand axe          |     9 |    22 ||    31
       Kick              |     4 |    18 ||    22
       Mace              |     1 |       ||     1
       Falchion          |       |    15 ||    15
       Spear             |       |    64 ||    64
 Fire: Hunting sling     |       |    29 ||    29
 Cast: Shock             |    51 |    37 ||    88
       Static Discharge  |       |     9 ||     9
       Swiftness         |       |     2 ||     2
       Call Imp          |       |     1 ||     1
  Use: Potion            |       |     4 ||     4
 Stab: Sleeping          |       |     6 ||     6
  Eat: Ration            |     1 |     1 ||     2
       Chunk             |       |     6 ||     6
Armor: Robe              |     2 |       ||     2
       Leather armour    |     9 |    40 ||    49
Dodge: Dodged            |    37 |    79 ||   116
       Rpst.: Falchion   |       |     5 ||     5
